Map: Ley Lines

Players

Icygoose

  • Race: Protoss Protoss
  • League: Diamond
  • Spawn Location: 1:00

wootwoot - Winner!

  • Race: Protoss Protoss
  • League: Diamond
  • Spawn Location: 7:00

VOD

Have the link to the VOD?

Description

Time

  • Played on: April 22, 2025, 5:13 a.m.
  • Length: 2:31
Show
View Real Time Build Order
Export as new Build Order

Icygoose Protoss 

Build Orders: Forge Fast Expand (FFE) 

Get SALT Encoding   

  1  0:00  Probe  
  12  0:06  Probe  
  14  0:17  Pylon  
  14  0:21  Probe  
  15  0:35  Probe  
  16  0:42  Forge  
  16  0:47  Probe  
  17  0:57  Probe  
  18  1:05  Probe  
  19  1:13  Probe  
  20  1:28  Pylon  
  20  1:31  Nexus  
  20  1:43  Pylon x2  
  20  1:47  Pylon  
  20  1:54  Probe  
  21  2:07  Probe, Photon Cannon  
  21  2:20  Pylon, Photon Cannon  
  21  2:21  Photon Cannon  
Show
View Real Time Build Order
Export as new Build Order

wootwoot Protoss - Winner!

Build Orders:  

Get SALT Encoding   

  12  0:00  Probe  
  13  0:12  Probe  
  14  0:17  Pylon  
  14  0:24  Probe  
  15  0:32  Probe  
  15  0:37  Gateway  
  15  0:40  Probe  
  17  0:51  Probe  
  17  0:56  Gateway  
  18  1:03  Probe  
  19  1:08  Assimilator  
  19  1:12  Assimilator  
  19  1:17  Probe  
  20  1:26  Cybernetics Core  
  20  1:31  Probe  
  21  1:36  Pylon  
  21  1:43  Probe  
  22  1:52  Stalker  
  22  1:54  Stalker  
Tags
 
Add a new tag
Caveats
  • Supply blocks, unpowered buildings, or Contaminate may cause inaccurate times.
  • Supply counts are checked every 10 seconds.